Map: Triton LE

Players

sandboX - Winner!

  • Race: Zerg Zerg
  • League: Gold
  • Spawn Location: 11:00

Oldboy

  • Race: Terran Terran
  • League: Gold
  • Spawn Location: 5:00

VOD

Have the link to the VOD?

Description

Time

  • Played on: Aug. 20, 2019, 9:10 p.m.
  • Length: 13:05
Show
View Real Time Build Order
Export as new Build Order

sandboX Zerg - Winner!

Build Orders: Hatch First 

Get SALT Encoding   

  12  0:01  Drone  
  13  0:13  Overlord  
  13  0:21  Drone  
  14  0:31  Drone x2  
  16  0:54  Hatchery  
  15  0:57  Drone x2  
  15  1:02  Drone  
  18  1:08  Extractor  
  17  1:19  Spawning Pool  
  17  1:22  Drone  
  17  1:26  Drone  
  17  1:32  Drone  
  19  1:42  Overlord  
  19  2:06  Zergling x4  
  19  2:08  Queen x2  
  23  2:15  Metabolic Boost  
  25  2:29  Drone x2  
  28  2:30  Drone x2  
  28  2:36  Drone  
  28  2:37  Drone  
  31  2:57  Hatchery  
  30  3:01  Drone x2  
  30  3:05  Drone  
  33  3:07  Drone  
  34  3:12  Overlord  
  34  3:16  Drone  
  35  3:22  Overlord  
  35  3:27  Spore Crawler  
  35  3:30  Spore Crawler, Drone  
  35  3:33  Drone  
  35  3:34  Drone  
  36  3:43  Drone x3  
  36  3:44  Drone  
  36  3:46  Drone  
  41  4:01  Drone x6  
  41  4:02  Drone  
  48  4:11  Roach Warren  
  48  4:16  Extractor x2  
  43  4:44  Drone x9  
  52  4:51  Overlord  
  52  4:52  Overlord x3  
  52  5:04  Lair  
  52  5:07  Evolution Chamber  
  52  5:08  Queen  
  52  5:09  Evolution Chamber  
  52  5:10  Drone x3  
  52  5:11  Drone x6  
  61  5:35  Zerg Ground Armor Level 1, Zerg Missile Weapons Level 1  
  61  5:40  Overlord x4  
  61  5:43  Drone x4  
  61  5:44  Drone x5  
  70  5:50  Extractor  
  70  5:55  Extractor  
  68  5:58  Extractor  
  68  6:00  Roach x4  
  68  6:01  Roach  
  77  6:18  Hydralisk Den  
  76  6:26  Roach x9  
  94  6:45  Spore Crawler x2  
  94  6:47  Hydralisk  
  92  6:49  Hydralisk x2  
  98  7:04  Overlord x3  
  98  7:28  Roach x8  
  104  7:30  Overlord x4  
  104  7:42  Zerg Missile Weapons Level 2, Zerg Ground Armor Level 2  
  94  7:53  Hydralisk Den  
  83  8:09  Drone  
  83  8:10  Drone x4  
  88  8:14  Queen  
  90  8:29  Muscular Augments  
  90  8:32  Glial Reconstitution  
  90  8:36  Hatchery  
  89  8:48  Hydralisk x16  
  121  8:57  Lair  
  116  9:13  Overlord, Roach  
  116  9:14  Overlord x2  
  77  9:28  Roach x5  
  77  9:29  Roach x7  
  80  9:38  Roach x2  
  78  9:57  Queen  
  76  10:03  Hydralisk x7, Extractor x2  
  88  10:19  Drone x4  
  92  10:23  Hydralisk x6  
  92  10:27  Overlord  
  104  10:48  Spore Crawler  
  103  10:59  Spore Crawler  
  103  11:01  Roach x12  
  114  11:29  Roach x12  
  124  12:08  Overlord x2  
  124  12:09  Overlord x2  
  124  12:10  Roach x7  
  138  12:25  Spawning Pool  
  137  12:31  Infestation Pit  
  136  12:40  Roach x5  
  136  12:41  Roach x6  
Show
View Real Time Build Order
Export as new Build Order

Oldboy Terran 

Build Orders:  

Get SALT Encoding   

  12  0:01  SCV  
  13  0:17  Supply Depot  
  13  0:22  SCV  
  14  0:34  SCV  
  15  0:40  Barracks  
  15  0:48  Refinery  
  15  0:51  SCV, Refinery  
  16  1:03  Supply Depot  
  16  1:05  SCV  
  17  1:17  SCV  
  18  1:27  Marine  
  19  1:38  SCV, Factory  
  20  1:47  Marine  
  20  1:53  Orbital Command  
  21  2:05  Marine  
  22  2:17  Barracks  
  22  2:20  SCV  
  22  2:22  Factory Tech Lab  
  23  2:25  Marine  
  24  2:36  Starport  
  24  2:43  SCV  
  25  2:49  Siege Tank  
  28  2:55  SCV  
  29  3:06  Supply Depot  
  29  3:07  SCV, Barracks Reactor  
  30  3:13  Starport Reactor  
  30  3:19  SCV  
  31  3:27  Siege Tank  
  34  3:42  SCV, Engineering Bay  
  34  3:46  Marine x2  
  37  3:48  Barracks Tech Lab  
  37  3:55  Supply Depot  
  37  3:59  Supply Depot  
  37  4:04  Marine x2  
  39  4:13  Combat Shield  
  39  4:16  Viking  
  41  4:17  Supply Depot  
  41  4:20  SCV  
  42  4:24  Medivac  
  44  4:32  Terran Infantry Armor Level 1  
  44  4:40  Siege Tank  
  44  4:42  SCV  
  48  5:01  Medivac  
  48  5:04  Marine x3  
  48  5:06  SCV  
  54  5:11  Supply Depot  
  54  5:14  Medivac  
  56  5:21  Marine  
  56  5:22  Marine x2, SCV  
  56  5:26  Barracks  
  60  5:39  Marine x3  
  63  5:45  Stimpack  
  63  5:46  SCV  
  64  5:57  Marine  
  64  5:58  Medivac  
  67  6:04  Marine  
  67  6:05  Marine  
  69  6:13  Supply Depot  
  69  6:15  Marine  
  70  6:19  Barracks Reactor  
  70  6:22  Marine  
  71  6:26  Terran Infantry Weapons Level 1  
  71  6:35  Marine x2  
  71  6:36  SCV  
  74  6:40  Marine  
  74  6:43  Siege Tank  
  78  6:48  SCV  
  79  7:14  Supply Depot  
  79  7:23  Marine  
  79  7:24  SCV  
  79  7:35  Marine x3  
  79  7:36  Siege Tank, Medivac  
  87  7:44  Marine  
  87  7:46  Marine  
  87  7:47  Supply Depot  
  87  7:48  SCV  
  83  7:53  Marine x3  
  76  8:00  SCV  
  76  8:02  Marine  
  76  8:04  Marine, Medivac  
  76  8:10  Supply Depot  
  76  8:11  Marine x3  
  76  8:12  SCV  
  80  8:24  SCV  
  80  8:25  Marine  
  80  8:26  Marine  
  83  8:32  Supply Depot  
  83  8:36  SCV  
  84  8:44  Supply Depot  
  84  8:48  SCV  
  85  8:52  Marine x3  
  85  8:53  Marine  
  85  8:54  Siege Tank  
  92  8:56  Marine  
  92  9:00  SCV  
  94  9:10  Marine x2  
  75  9:32  Marine x5  
  77  9:44  Medivac  
  79  9:50  Marine x5  
  75  10:03  Medivac  
  75  10:07  Marine  
  75  10:08  Marine x4  
  80  10:25  Marine  
  81  10:39  Orbital Command  
  81  10:54  Refinery x2  
  81  10:57  Marine x2  
  81  10:58  Marine  
  78  11:33  Marine  
  78  11:34  Marine x4  
  72  11:40  Medivac  
  72  11:46  SCV  
  69  11:51  Medivac  
  69  11:52  Marine x2  
  69  11:53  Marine x3  
  76  11:54  Liberator  
  76  11:58  SCV  
  77  12:02  Armory  
  77  12:09  Siege Tank  
  77  12:10  Marine x3  
  77  12:11  Marine x2  
  88  12:20  Supply Depot  
  88  12:28  Marine x4  
  88  12:29  Marine  
  93  12:35  SCV  
  94  12:46  Marine x3  
  94  12:49  Supply Depot  
Tags
 
Add a new tag
Caveats
  • Supply blocks, unpowered buildings, or Contaminate may cause inaccurate times.
  • Supply counts are checked every 10 seconds.